AoeStats
← TKBXPT2214

Black Forest

505475207Analyzed
3v3 RM · 24d ago on Sep 9, 2026· 52m 28s· 6 players
Game mode
Random Map
Map size
Normal (6 player)
Population
200
Speed
Normal
Resources
Standard
Victory
Conquest
Starting age
Dark Age
Ending age
Imperial Age
RankedLock teamsTeams togetherTeam positionsShared explorationLock speedFull tech treeHidden civsTurbo modeCheats
Victory
Defeat
🇹🇼 Franks · Taiwan
1065
+14
🇹🇼 Italians · Taiwan
1030
+16
🇹🇼 Burgundians · Taiwan
1003
+17
🇦🇷 Celts · Argentina
1069
-17
🇻🇳 Mongols · Vietnam
1011
-15
🇷🇺 Spanish · Russia
997
-15
gameboy506
8:31 Loom
10:37 Feudal Age
14:12 Fletching
20:03 Castle Age
18:04 Horse Collar
20:03 Gold Mining
20:04 Stone Mining
20:36 Double-Bit Axe
24:19 Crossbowman
35:59 Imperial Age
36:31 Ballistics
36:33 Bloodlines
36:24 Husbandry
35:44 Light Cavalry
42:51 Bodkin Arrow
42:57 Padded Archer Armor
43:30 Bow Saw
43:50 Thumb Ring
47:02 Chemistry
46:14 Masonry
47:19 Conscription
46:36 Hussar
48:11 Bracer
49:16 Wheelbarrow
49:35 Elite Genoese Crossbowman
Pineapple_Hsiao
12:46 Feudal Age
11:40 Double-Bit Axe
11:55 Horse Collar
13:38 Bow Saw
15:35 Loom
20:50 Castle Age
19:10 Gold Mining
19:33 Heavy Plow
20:34 Forging
21:30 Scale Barding Armor
23:14 Wheelbarrow
23:29 Husbandry
23:17 Cavalier
25:29 Crop Rotation
26:01 Two-Man Saw
27:04 Gold Shaft Mining
27:06 Chain Barding Armor
27:27 Hand Cart
32:58 Stone Mining
34:02 Iron Casting
37:47 Imperial Age
34:50 Light Cavalry
35:47 Caravan
37:51 Capped Ram
38:53 Conscription
38:20 Paladin
40:19 Burgundian Vineyards
42:59 Hussar
44:31 Pikeman
45:12 Squires
46:09 Halberdier
46:53 Scale Mail Armor
47:29 Plate Barding Armor
47:54 Blast Furnace
48:13 Chain Mail Armor
大人請恕我攔轎
8:45 Loom
10:44 Feudal Age
11:43 Loom
11:59 Double-Bit Axe
17:16 Wheelbarrow
18:13 Gold Mining
20:45 Castle Age
19:08 Scale Barding Armor
20:02 Forging
20:16 Stone Mining
22:16 Husbandry
23:08 Gold Shaft Mining
23:48 Bow Saw
27:54 Hand Cart
29:00 Husbandry
35:10 Imperial Age
34:52 Iron Casting
34:37 Chain Barding Armor
36:54 Blast Furnace
36:38 Conscription
35:46 Cavalier
38:19 Plate Barding Armor
37:18 Paladin
38:43 Chivalry
40:43 Town Watch
shamannking1993
0:29 Loom
13:46 Feudal Age
19:31 Castle Age
19:07 Man-at-Arms
20:42 Wheelbarrow
28:18 Fletching
35:43 Horse Collar
40:44 Imperial Age
38:49 Hand Cart
39:46 Town Watch
40:38 Town Patrol
41:06 Caravan
40:51 Pikeman
41:32 Squires
41:17 Arson
42:03 Halberdier
42:53 Bodkin Arrow
42:58 Padded Archer Armor
45:41 Bracer
45:54 Forging
47:25 Iron Casting
46:52 Scale Mail Armor
46:58 Scale Barding Armor
agnak3
11:23 Feudal Age
13:38 Loom
16:32 Castle Age
15:12 Double-Bit Axe
15:38 Gold Mining
21:27 Wheelbarrow
20:39 Town Watch
22:32 Fletching
26:45 Hand Cart
28:01 Bodkin Arrow
31:24 Bow Saw
30:56 Horse Collar
31:52 Gold Shaft Mining
31:09 Stone Mining
32:12 Ballistics
33:26 Stone Shaft Mining
37:38 Imperial Age
35:46 Scale Barding Armor
37:28 Town Patrol
38:31 Bloodlines
38:22 Husbandry
38:52 Chain Barding Armor
40:40 Bracer
40:41 Padded Archer Armor
41:04 Conscription
40:30 Onager
42:20 Forging
42:12 Scale Mail Armor
42:10 Murder Holes
42:26 Masonry
43:16 Chemistry
42:07 Heavy Camel Rider
45:03 Iron Casting
44:46 Leather Archer Armor
44:40 Siege Engineers
44:41 Nomads
46:51 Blast Furnace
47:22 Light Cavalry
48:50 Hussar
49:40 Heavy Scorpion
51:20 Drill
52:41 Heavy Plow
TKBXPT2214
0:55 Loom
11:39 Feudal Age
13:10 Wheelbarrow
19:06 Castle Age
18:22 Double-Bit Axe
18:35 Gold Mining
20:03 Hand Cart
33:50 Horse Collar
37:38 Imperial Age
35:21 Bow Saw
35:54 Gold Shaft Mining
35:10 Stone Mining
35:40 Husbandry
35:57 Treadmill Crane
36:48 Scale Barding Armor
36:54 Forging
38:17 Chain Barding Armor
37:55 Cavalier
38:59 Conscription
39:35 Iron Casting
40:08 Caravan
41:02 Paladin
47:47 Blast Furnace
46:38 Fletching
50:24 Scale Mail Armor
50:20 Bodkin Arrow
50:34 Light Cavalry
Connection lost

Rejoining the realm…

Still unreachable

The connection could not be restored.

Session expired

The server has moved on; the page needs a fresh start.